 Dungeon Crawl Stone Soup version 0.25.1-11-g244df3a29b (webtiles) character file.

Game seed: 2361473326068492140

113487 DeepDeath the Cruncher (level 17, -1/146 HPs)
             Began as a Formicid Gladiator on Jan 1, 2024.
             Was the Champion of Qazlal.
             Slain by an alligator snapping turtle (7 damage)
             ... on level 3 of the Shoals on Jan 2, 2024.
             The game lasted 02:11:09 (29640 turns).

DeepDeath the Cruncher (Formicid Gladiator)        Turns: 29640, Time: 02:11:10

Health: -1/146     AC: 28    Str: 27    XL:     17   Next: 18%
Magic:  0/26       EV: 15    Int:  8    God:    Qazlal [******]
Gold:   1182       SH: 25    Dex: 14    Spells: 13/16 levels left

rFire    + . .     SeeInvis +   r - +5 trident "Kugycea" {drain, rElec}
rCold    . . .     Gourm    .   o - -2 tower shield of Luck {rElec Regen+}
rNeg     . . .     Faith    .   H - +2 chain mail {rF+}
rPois    .         Spirit   +   (helmet unavailable)
rElec    +         Reflect  .   t - +0 cloak of Qemiokeu {Stlth+} (curse)
rCorr    .         Harm     .   a - +1 pair of gloves
MR       +....     Clarity  +   m - +1 pair of boots {Fly}
Stlth    ..........             x - amulet of guardian spirit
HPRegen  0.74/turn              e - +4 ring of protection
MPRegen  0.20/turn              Q - ring "Jeenaep" {EV+4 Str+3}

@: protected from physical damage, flying, repel missiles
A: permanent stasis, dig shafts and tunnels, four strong arms, antennae 3,
clarity, robust 1
a: Dig, Shaft Self, Upheaval, Elemental Force, Disaster Area, Renounce Religion,
Stop Flying


You were on level 3 of the Shoals.
You worshipped Qazlal.
Qazlal was exalted by your worship.
You were not hungry.

You visited 4 branches of the dungeon, and saw 25 of its levels.
You also visited: Ice Cave.

You collected 3575 gold pieces.
You spent 2393 gold pieces at shops.

Inventory:

Hand Weapons
 d - the +12 trident of Maill {holy, rN+}
   (You bought it in a shop on level 1 of the Orcish Mines)

   It has been blessed by the Shining One to cause great damage to the undead
   and demons.
   It protects you from negative energy.
 q - the +7 hunting sling "Geleum" {speed, +Inv rF+ MR+++ Dex-5}
   (You bought it in a shop on level 2 of the Orcish Mines)

   Attacks with this weapon are significantly faster.
   It affects your dexterity (-5).
   It protects you from fire.
   It affects your resistance to hostile enchantments.
   It lets you turn invisible.
 r - the +5 trident "Kugycea" (weapon) {drain, rElec}
   (You took it off a spriggan rider on level 3 of the Lair of Beasts)

   A truly terrible weapon, it drains the life of those it strikes.
   It insulates you from electricity.
 v - a +1 vampiric trident
 w - a +2 quarterstaff of flaming
Missiles
 u - 58 sling bullets
 B - 50 boomerangs (quivered)
 D - 39 poisoned darts
 J - 7 javelins
 U - 2 datura-tipped darts
Armour
 a - a +1 pair of gloves (worn)
 m - a +1 pair of boots of flying (worn)
 o - the -2 tower shield of Luck (worn) {rElec Regen+}
   (You acquired it on level 14 of the Dungeon)

   It insulates you from electricity.
   It increases your rate of regeneration.
 t - the cursed +0 cloak of Qemiokeu (worn) {Stlth+}
   (You found it on level 14 of the Dungeon)

   It makes you more stealthy.
   It has a curse placed upon it.
 H - a +2 chain mail of fire resistance (worn)
Jewellery
 e - a +4 ring of protection (left hand)
 h - an uncursed ring of resist corrosion
 x - an amulet of guardian spirit (around neck)
 L - an uncursed ring of ice
 Q - the ring "Jeenaep" (right hand) {EV+4 Str+3}
   (You found it on level 3 of the Lair of Beasts)

   [ring of evasion]

   It affects your evasion (+4).
   It affects your strength (+3).
 W - an uncursed ring of fire
Wands
 l - a wand of disintegration (25)
 s - a wand of flame (51)
 y - a wand of enslavement (3)
 A - a wand of iceblast (16)
 N - a wand of digging (8)
Scrolls
 i - 4 scrolls of fog
 z - 2 scrolls of identify
 G - 2 scrolls of enchant armour
 M - 5 scrolls of remove curse
 P - a scroll of noise
 Z - a scroll of magic mapping
Potions
 b - a potion of heal wounds
 c - 6 potions of curing
 g - a potion of ambrosia
 j - 7 potions of stabbing
 k - 3 potions of lignification
 E - 2 potions of flight
 F - 4 potions of magic
 O - a potion of resistance
 R - 4 potions of cancellation
 S - 3 potions of invisibility
Miscellaneous
 n - a phial of floods
 p - a lightning rod (1/4)
 I - a tin of tremorstones (3/3)
Comestibles
 f - 28 rations
 C - 2 chunks of flesh


   Skills:
 + Level 11.7 Fighting
 - Level 8.0(12.0) Polearms
 - Level 14.0(14.6) Staves
 * Level 10.9(11.2) Slings
 - Level 3.9(7.6) Throwing
 + Level 13.9 Armour
 - Level 7.0 Dodging
 - Level 1.0 Stealth
 + Level 10.5 Shields
 - Level 12.0 Invocations
 + Level 2.4 Evocations


You had 13 spell levels left.
You knew the following spells:

 Your Spells              Type           Power        Failure   Level  Hunger
p - Mephitic Cloud        Conj/Pois/Air  #.......     100%        3    ####...

Your spell library contained the following spells:

 Spells                   Type           Power        Failure   Level  Hunger
 Corona                   Hex            #......      99%         1    ##.....
 Freeze                   Ice            #...         99%         1    ##.....
 Magic Dart               Conj           #...         99%         1    ##.....
 Sting                    Tmut/Pois      #...         99%         1    ##.....
 Summon Butterflies       Summ           #.......     99%         1    ##.....
 Call Imp                 Summ           #.......     100%        2    ###....
 Poisonous Vapours        Pois/Air       #.....       100%        2    ###....
 Slow                     Hex            #.......     100%        2    ###....
 Call Canine Familiar     Summ           #.......     100%        3    ####...
 Confusing Touch          Hex            #.......     100%        3    ####...
 Conjure Flame            Conj/Fire      #.......     100%        3    ####...
 Frozen Ramparts          Ice            #.....       100%        3    ####...
 Gell's Gravitas          Tloc           #.........   100%        3    ####...
 Ignite Poison            Fire/Tmut/Pois #.......     100%        3    ####...
 Inner Flame              Hex/Fire       #.......     100%        3    ####...
 Ozocubu's Armour         Chrm/Ice       #.......     100%        3    ####...
 Portal Projectile        Hex/Tloc       #.....       100%        3    ####...
 Static Discharge         Conj/Air       #.......     100%        3    ####...
 Cause Fear               Hex            #.........   100%        4    #####..
 Hailstorm                Conj/Ice       #.......     100%        4    #####..
 Leda's Liquefaction      Hex/Erth       #.........   100%        4    #####..
 Olgreb's Toxic Radiance  Pois           #.......     100%        4    #####..
 Petrify                  Tmut/Erth      #.......     100%        4    #####..
 Summon Ice Beast         Ice/Summ       #.......     100%        4    #####..
 Lightning Bolt           Conj/Air       #.........   100%        5    ######.
 Metabolic Englaciation   Hex/Ice        #.........   100%        5    ######.
 Summon Mana Viper        Hex/Summ       #.......     100%        5    ######.
 Yara's Violent Unravell  Hex/Tmut       #.........   100%        5    ######.
 Statue Form              Tmut/Erth      #........    100%        6    #######
 Haunt                    Necr/Summ      #.........   100%        7    #######
 Summon Hydra             Summ           #.........   100%        7    #######
 Borgnjor's Revivificati  Necr           #.........   100%        8    #######
 Death's Door             Chrm/Necr      #.........   100%        8    #######
 Ignition                 Fire           #.........   100%        8    #######
 Infestation              Necr           #.........   100%        8    #######
 Necromutation            Tmut/Necr      #.........   100%        8    #######
 Shatter                  Erth           #.........   100%        9    #######
 Tornado                  Air            #.........   100%        9    #######
 Blink                    Tloc           Unusable     N/A         2    N/A

Dungeon Overview and Level Annotations

Branches:
Dungeon (14/15)            Temple (0/1) D:7            Lair (6/6) D:9
 Shoals (3/4) Lair:4        Snake (0/4) Lair:2        Slime (0/5) Lair:6
    Orc (2/2) D:10            Elf (0/3) Orc:2        Vaults (0/5) D:14
  IceCv (visited)

Altars:
Ashenzari
Dithmenos
Elyvilon
Gozag
Kikubaaqudgha
Makhleb
Okawaru
Qazlal
Sif Muna
Trog
Vehumet
Wu Jian
Xom
Beogh

Shops:
Orc:1 *   Orc:2 [(!(   Shoals:2 %!:!

Portals:
Abyss: D:4


Innate Abilities, Weirdness & Mutations

You cannot be hasted, slowed, berserked, paralysed or teleported.
You can dig through walls and to a lower floor.
Your four strong arms can wield two-handed weapons with a shield.
You have a pair of large antennae on your head. (SInv)
You possess an exceptional clarity of mind.
You are robust. (+10% HP)


Message History

You assume a fearsome visage.
The merfolk aquamancer looks frightened!
The water nymph resists with almost no effort.
The water elemental is unaffected.
The water nymph resists with almost no effort.
The merfolk aquamancer resists with some effort.
The water nymph looks frightened!
The water elemental is unaffected.
The merfolk aquamancer looks frightened!
The merfolk siren looks frightened!
The sea snake looks frightened!
The merfolk siren looks frightened!
The alligator snapping turtle easily resists.
The harpy resists with some effort.
The sea snake looks frightened!
The water nymph is struck by lightning.
The water nymph casts a spell at you. The water rises up and strikes you!!!
* * * LOW HITPOINT WARNING * * *
The alligator snapping turtle is engulfed in freezing vapours.
The alligator snapping turtle seems to slow down.
The alligator snapping turtle bites you!
You die...

≈≈≈≈≈≈...# .≈
.≈≈≈≈≈≈...# [..
≈.≈≈≈≈....###...
≈..≈≈≈.........≈
....≈..........≈
......§S≈.....≈≈
#....☼≈≈E○○...≈≈
#...mtmmm.....≈
#....☼@mH.....≈
#...§.≈E○.....≈
#........≈#≈#.≈
#.....m.#≈m≈..#
#.........≈..≈≈
m....^.#./.≈..≈≈
.......$..≈≈..≈
≈≈...(# .≈≈≈≈≈≈


You could see an alligator snapping turtle (slow), a sea snake (fleeing, slow),
3 merfolk aquamancers, 2 water elementals, 2 merfolk sirens, 3 water nymphs and
a harpy.

Vanquished Creatures
  An Ice Fiend (IceCv)
  Frances (D:14)
  Nessos (Lair:6)
  Snorg (Lair:3)
  A fire dragon (Lair:6)
  The ghost of DeepDeath the Spear-Bearer, a journeyman GnBe of Trog (Lair:3)
  3 ogre magi
  4 merfolk impalers
  Josephine (D:14)
  Erolcha (Orc:1)
  6 hydras
  A vault guard (D:14)
  The ghost of Qihugg the Envoy of Void, a journeyman DsAK of Lugonu (Orc:1)
  The ghost of Parcho Qedas the Black Belt, a journeyman KoMo of Okawaru (Lair:2)
  2 centaur warriors (D:13)
  A merfolk aquamancer (Shoals:1)
  2 merfolk avatars (Shoals:2)
  A catoblepas (D:12)
  7 two-headed ogres
  An alligator snapping turtle (Shoals:2)
  A tengu warrior (D:10)
  2 satyrs
  Nergalle (Lair:2)
  6 skeletal warriors (D:14)
  A fire crab (Lair:6)
  The ghost of tkbsonic5 the Skirmisher, a novice CeBe of Trog (D:6)
  3 wizards (D:14)
  4 sea snakes
  An unseen horror (D:14)
  A deep troll (Orc:2)
  11 harpies
  2 orc knights
  3 deep elf magi
  An orc sorcerer (Orc:2)
  2 ugly things (D:13)
  5 fauns (Shoals:1)
  4 cyclopes
  2 manticores
  A water nymph (Shoals:2)
  2 black mambas (Lair:6)
  2 ice statues (IceCv)
  A gargoyle (D:13)
  A toenail golem (D:4)
  3 merfolk sirens
  5 elephants
  3 molten gargoyles (Lair:6)
  3 rime drakes
  7 spiny frogs
  A torpor snail (Lair:6)
  An efreet (D:14)
  3 komodo dragons
  5 yaktaurs
  12 ice devils (IceCv)
  A tengu conjurer (D:10)
  11 trolls
  17 merfolk
  A meliai (D:14)
  Grinder (D:6)
  A wind drake (Shoals:1)
  A hornet (Lair:3)
  11 blink frogs
  5 hippogriffs
  9 slime creatures
  4 snapping turtles
  A meliai zombie (D:13)
  10 dream sheep
  2 small abominations (D:4)
  4 wraiths
  A centaur simulacrum (D:14)
  3 spriggans (Lair:3)
  6 wyverns
  4 water elementals
  17 yaks
  The ghost of SSird the Skirmisher, an amateur FoCK of Xom (D:4)
  2 steam dragons (Lair:6)
  8 basilisks
  A hungry ghost (D:14)
  6 vampire mosquitoes
  20 humans (D:14)
  3 wargs (Orc:1)
  3 nagas (Lair:2)
  4 hell hounds (Lair:6)
  Duvessa (D:7)
  2 acid dragons
  12 water moccasins
  18 orc warriors
  10 porcupines
  9 sky beasts
  2 ice beasts
  4 black bears
  An eye of draining (D:10)
  A boggart (D:14)
  21 ogres
  14 centaurs
  6 wolves
  14 crocodiles
  5 big kobolds
  15 bullfrogs
  Dowan (D:7)
  A gnoll sergeant (Orc:2)
  2 scorpions
  A water moccasin skeleton (D:9)
  9 killer bees
  An electric eel (D:10)
  9 wights
  2 howler monkeys
  A spectral bullfrog (D:6)
  A spectral centaur (D:6)
  4 bullfrog zombies
  5 crimson imps
  A quasit (D:10)
  5 lava snakes (Lair:6)
  8 hounds
  10 jellies
  13 orc priests
  A wyvern simulacrum (D:14)
  18 orc wizards
  4 centaur skeletons
  6 iguanas
  A bullfrog skeleton (D:13)
  Ijyb (D:3)
  4 worker ants
  2 killer bee zombies
  2 hound zombies
  2 hound skeletons
  A spectral worker ant (D:6)
  A howler monkey skeleton (D:10)
  3 worker ant zombies
  9 gnolls
  8 adders
  2 shadow imps
  5 white imps (IceCv)
  6 ufetubi (IceCv)
  9 oozes
  A spectral adder (D:6)
  2 adder zombies (D:9)
  3 adder skeletons
  4 worms
  6 leopard geckos
  61 orcs
  A ball python (D:4)
  A giant cockroach (D:1)
  10 goblins
  7 hobgoblins
  6 jackals
  6 quokkas
  A ball python skeleton (D:4)
  4 bats
  5 frilled lizards
  A jackal skeleton (D:5)
  25 kobolds
  A leopard gecko zombie (D:7)
  A quokka skeleton (D:10)
  8 rats
  A fungus (Lair:2)
  2 plants
748 creatures vanquished.

Vanquished Creatures (collateral kills)
  Rupert (D:14)
  An Ice Fiend (IceCv)
  An orc warlord (Orc:1)
  3 two-headed ogres (Orc:2)
  A deep troll (Orc:2)
  A cyclops (Orc:2)
  4 elephants
  2 trolls (Orc:2)
  2 humans (D:14)
  2 yaks (Lair:5)
  A warg (Orc:2)
  An orc warrior (Orc:1)
  An ogre (Orc:2)
  2 orcs (Orc:2)
23 creatures vanquished.

Vanquished Creatures (others)
  A crimson imp (D:7)
  5 white imps (IceCv)
  3 ufetubi (IceCv)
  11 fungi
  14 plants
34 creatures vanquished.

Grand Total: 805 creatures vanquished

Notes
Turn   | Place    | Note
-------+----------+-------------------------------------------
     0 | D:1      | DeepDeath the Formicid Gladiator began the quest for the
                  | Orb.
     0 | D:1      | Reached XP level 1. HP: 16/16 MP: 1/1
   275 | D:2      | Reached XP level 2. HP: 19/22 MP: 2/2
   479 | D:2      | Reached skill level 4 in Staves
   479 | D:2      | Reached XP level 3. HP: 27/27 MP: 3/3
   501 | D:2      | Found a bloodstained altar of Trog.
   557 | D:2      | Found a stormy altar of Qazlal.
   565 | D:2      | Became a worshipper of Qazlal Stormbringer
   736 | D:2      | Found a shadowy altar of Dithmenos.
   797 | D:1      | Reached XP level 4. HP: 32/33 MP: 4/4
  1075 | D:1      | Reached * piety under Qazlal
  1571 | D:3      | Reached skill level 5 in Staves
  1624 | D:3      | Noticed Ijyb
  1648 | D:3      | Killed Ijyb
  1648 | D:3      | Reached XP level 5. HP: 33/38 MP: 3/5
  2179 | D:3      | Reached skill level 6 in Staves
  2485 | D:3      | Reached XP level 6. HP: 7/44 MP: 2/6
  2503 | D:3      | HP: 2/44 [poisoned by an adder]
  2759 | D:4      | Found a one-way gate to the infinite horrors of the Abyss.
  2766 | D:4      | Found a transporter.
  2920 | D:4      | Reached skill level 1 in Shields
  2991 | D:4      | Found a transporter.
  3015 | D:4      | Reached skill level 1 in Armour
  3015 | D:4      | Noticed a small abomination
  3018 | D:4      | Noticed SSird's ghost (amateur FoCK)
  3071 | D:4      | Found a shimmering blue altar of Sif Muna.
  3399 | D:4      | Reached XP level 7. HP: 45/50 MP: 5/7
  3523 | D:4      | Reached skill level 7 in Staves
  3669 | D:4      | Noticed a toenail golem
  3876 | D:5      | Entered Level 5 of the Dungeon
  3960 | D:4      | Reached ** piety under Qazlal
  4009 | D:4      | Reached skill level 8 in Staves
  4009 | D:4      | Reached XP level 8. HP: 42/56 MP: 5/8
  4109 | D:5      | Found an ancient bone altar of Kikubaaqudgha.
  4124 | D:5      | Reached skill level 1 in Invocations
  4155 | D:5      | Reached skill level 1 in Evocations
  4491 | D:5      | Found an ornate altar of the Wu Jian Council.
  4800 | D:6      | Reached skill level 9 in Staves
  4973 | D:6      | Noticed Grinder
  4979 | D:6      | Killed Grinder
  5043 | D:6      | Reached XP level 9. HP: 47/61 MP: 9/9
  5093 | D:6      | Found a runed translucent gate.
  5094 | D:6      | Found a runed translucent gate.
  5094 | D:6      | Found a runed translucent gate.
  5095 | D:6      | Noticed tkbsonic5's ghost (novice CeBe)
  5226 | D:6      | Found a shattered altar of Ashenzari.
  5226 | D:6      | Found a radiant altar of Vehumet.
  5362 | D:6      | Got a faintly humming plate armour
  5596 | D:7      | Reached skill level 10 in Staves
  5596 | D:7      | Reached skill level 5 in Shields
  5662 | D:7      | Found a bloodstained altar of Trog.
  5927 | D:7      | Noticed Dowan
  5930 | D:7      | Noticed Duvessa
  6083 | D:7      | Found a white marble altar of Elyvilon.
  6131 | D:7      | Found an iron altar of Okawaru.
  6201 | D:7      | Reached *** piety under Qazlal
  6332 | D:7      | Killed Duvessa
  6332 | D:7      | Reached XP level 10. HP: 71/71 MP: 11/11
  6337 | D:7      | Killed Dowan
  6470 | D:7      | Found a staircase to the Ecumenical Temple.
  6745 | D:7      | Identified the +0 plate armour of Spring {Harm Dex+2} (You
                  | found it on level 6 of the Dungeon)
  6943 | D:8      | Reached skill level 11 in Staves
  7865 | D:9      | Found a burning altar of Makhleb.
  8166 | D:9      | Reached **** piety under Qazlal
  8170 | D:9      | Reached skill level 12 in Staves
  8552 | D:9      | Found a staircase to the Lair.
  8889 | D:10     | Entered Level 10 of the Dungeon
  9018 | D:8      | Reached XP level 11. HP: 75/78 MP: 12/14
  9433 | D:10     | Reached skill level 5 in Fighting
  9433 | D:10     | Reached skill level 5 in Invocations
  9444 | D:10     | Reached skill level 5 in Armour
  9469 | D:10     | Noticed a tengu warrior
  9492 | D:10     | Killed a tengu warrior
  9768 | D:10     | Found a staircase to the Orcish Mines.
  9778 | D:10     | Found a roughly hewn altar of Beogh.
 10060 | D:10     | Reached ***** piety under Qazlal
 10077 | D:10     | Learned a level 3 spell: Mephitic Cloud
 10213 | Lair:1   | Entered Level 1 of the Lair of Beasts
 10492 | Lair:1   | Reached skill level 13 in Staves
 11263 | Lair:2   | Noticed Nergalle
 11275 | Lair:2   | Killed Nergalle
 11275 | Lair:2   | Reached XP level 12. HP: 88/88 MP: 15/17
 11346 | Lair:2   | Noticed an eight-headed hydra
 11589 | Lair:2   | Noticed Parcho Qedas's ghost (journeyman KoMo)
 11707 | Lair:2   | Found a runed translucent door.
 11744 | Lair:2   | Found a staircase to the Snake Pit.
 11768 | Lair:2   | Killed an eight-headed hydra
 12128 | Lair:3   | Reached skill level 14 in Staves
 12132 | Lair:3   | Noticed Snorg
 12206 | Lair:3   | Found a runed translucent door.
 12232 | Lair:3   | Identified the +5 trident "Kugycea" {drain, rElec}
 12232 | Lair:3   | Noticed a spriggan rider
 12232 | Lair:3   | Noticed DeepDeath's ghost (journeyman GnBe)
 12277 | Lair:3   | Reached skill level 1 in Stealth
 12307 | Lair:3   | Killed Snorg
 12307 | Lair:3   | Reached skill level 1 in Polearms
 12596 | Lair:3   | Found a shimmering altar of Xom.
 13531 | Lair:4   | Noticed a six-headed hydra
 13552 | Lair:4   | Killed a six-headed hydra
 13603 | Lair:4   | Reached XP level 13. HP: 68/96 MP: 19/19
 13665 | Lair:4   | Found a staircase to the Shoals.
 13763 | Lair:4   | Reached skill level 10 in Shields
 14335 | Lair:5   | Noticed a five-headed hydra
 14387 | Lair:4   | Killed a five-headed hydra
 14648 | Lair:5   | Reached skill level 5 in Polearms
 15214 | Lair:3   | Killed DeepDeath's ghost
 15264 | Lair:3   | Got a pitted iron ring
 15265 | Lair:3   | Identified the ring "Jeenaep" {EV+4 Str+3} (You found it on
                  | level 3 of the Lair of Beasts)
 15420 | Orc:1    | Entered Level 1 of the Orcish Mines
 15421 | Orc:1    | Noticed Erolcha
 15444 | Orc:1    | Killed Erolcha
 15794 | Orc:1    | Found a runed translucent gate.
 15794 | Orc:1    | Noticed Qihugg's ghost (journeyman DsAK)
 15795 | Orc:1    | Found a runed translucent gate.
 15796 | Orc:1    | Found a runed translucent gate.
 15805 | Orc:1    | Found an opulent altar of Gozag.
 15810 | Orc:1    | Noticed an orc warlord
 15826 | Orc:1    | Found Dime's Assorted Antiques.
 16099 | Orc:1    | Killed Qihugg's ghost
 16149 | Orc:1    | Killed an orc warlord
 16272 | Orc:1    | Bought a scroll of identify for 68 gold pieces
 16272 | Orc:1    | Bought a scorched trident for 289 gold pieces
 16280 | Orc:1    | Identified the +12 trident of Maill {holy, rN+} (You bought
                  | it in a shop on level 1 of the Orcish Mines)
 16469 | Orc:2    | Entered Level 2 of the Orcish Mines
 16502 | Orc:2    | Reached skill level 10 in Invocations
 16700 | Orc:2    | Found a roughly hewn altar of Beogh.
 16924 | Orc:2    | Reached XP level 14. HP: 68/106 MP: 4/21
 17393 | Orc:2    | Reached skill level 5 in Dodging
 17398 | Orc:2    | Reached skill level 10 in Armour
 17613 | Orc:2    | Found a roughly hewn altar of Beogh.
 17683 | Orc:2    | Found a staircase to the Elven Halls.
 17699 | Orc:2    | Found Ikkev's Distillery.
 17705 | Orc:2    | Found Netaa's Antique Weapon Boutique.
 17708 | Orc:2    | Found Bycojas's Armour Shop.
 17708 | Orc:2    | Found Igeihud's Antique Weapon Shop.
 17710 | Orc:2    | Bought 2 potions of cancellation for 192 gold pieces
 17710 | Orc:2    | Bought a potion of invisibility for 96 gold pieces
 17710 | Orc:2    | Bought a potion of heal wounds for 60 gold pieces
 17710 | Orc:2    | Bought a potion of heal wounds for 60 gold pieces
 17715 | Orc:2    | Bought a smoking hunting sling for 195 gold pieces
 17715 | Orc:2    | Bought a runed hunting sling for 135 gold pieces
 17716 | Orc:2    | Identified the cursed +1 hunting sling of the Wary Cities
                  | {speed, MR+} (You bought it in a shop on level 2 of the
                  | Orcish Mines)
 17944 | Orc:2    | Bought a faintly glowing hunting sling for 240 gold pieces
 17946 | Orc:2    | Identified the +7 hunting sling "Geleum" {speed, +Inv rF+
                  | MR+++ Dex-5} (You bought it in a shop on level 2 of the
                  | Orcish Mines)
 17954 | Orc:2    | Bought a runed great mace for 351 gold pieces
 17969 | Orc:2    | Bought a +0 pair of boots for 58 gold pieces
 18154 | D:11     | Reached skill level 1 in Slings
 20392 | D:13     | Reached XP level 15. HP: 113/113 MP: 23/23
 20894 | D:13     | Reached ****** piety under Qazlal
 21355 | Lair:6   | Entered Level 6 of the Lair of Beasts
 21388 | Lair:6   | Reached skill level 5 in Slings
 21746 | Lair:6   | Noticed Nessos
 21754 | Lair:6   | Killed Nessos
 21957 | Lair:6   | Found a large runed translucent door.
 21958 | Lair:6   | Found a large runed translucent door.
 22316 | Lair:6   | Found a staircase to the Slime Pits.
 22883 | D:14     | Noticed Josephine
 22906 | D:14     | Killed Josephine
 23040 | D:14     | Noticed Rupert
 23057 | D:14     | Killed Rupert
 23318 | D:14     | Noticed Frances
 23342 | D:14     | Killed Frances
 23434 | D:14     | Reached skill level 10 in Fighting
 23633 | D:14     | Identified the cursed +3 dagger of the Hungering Scorpion
                  | {vamp, rElec rF- Dex+3}
 23646 | D:14     | Reached XP level 16. HP: 122/122 MP: 21/25
 23718 | D:14     | Found a gate to the Vaults.
 24432 | Lair:2   | Gained mutation: You are robust. (+10% HP) [potion of
                  | mutation]
 24432 | Lair:2   | Gained mutation: You possess an exceptional clarity of
                  | mind. [potion of mutation]
 24599 | D:6      | Killed tkbsonic5's ghost
 24708 | D:4      | Killed SSird's ghost
 24956 | Orc:2    | Bought a glowing broad axe for 259 gold pieces
 25136 | Lair:2   | Killed Parcho Qedas's ghost
 25275 | Shoals:1 | Entered Level 1 of the Shoals
 25395 | Shoals:1 | Found a frozen archway.
 25415 | IceCv    | Entered an ice cave
 25822 | IceCv    | Noticed an Ice Fiend
 25830 | IceCv    | Killed an Ice Fiend
 25878 | IceCv    | Noticed an Ice Fiend
 25932 | IceCv    | Killed an Ice Fiend
 26180 | IceCv    | Identified the Catalogue of Unstable Contamination
 27598 | D:14     | Reached skill level 10 in Slings
 27638 | D:14     | Got a warped cloak
 27659 | D:14     | Identified a scroll of acquirement
 27660 | D:14     | Identified the cursed +0 cloak of Qemiokeu {Stlth+} (You
                  | found it on level 14 of the Dungeon)
 27675 | D:14     | Acquired the -2 tower shield of Luck {rElec Regen+}
 28006 | Orc:2    | Bought a glowing war axe for 240 gold pieces
 28791 | Shoals:2 | Reached XP level 17. HP: 144/144 MP: 26/26
 29083 | Shoals:2 | Found Uffadek's Distillery.
 29097 | Shoals:2 | Bought a potion of heal wounds for 75 gold pieces
 29097 | Shoals:2 | Bought a potion of heal wounds for 75 gold pieces
 29309 | Shoals:2 | Found Puomegep's Distillery.
 29425 | Shoals:2 | Found Beadd's Book Boutique.
 29505 | Shoals:2 | Found Utsiysm's Food Emporium.
 29640 | Shoals:3 | HP: 6/146 [water nymph/the raging water (36)]
 29640 | Shoals:3 | Slain by an alligator snapping turtle

Illustrated notes

Levels and vault maps discovered:
D:1:      tarquinn_simple_flora_water_b, layout_rooms
D:2:      layout_basic, overflow_temple_1_default,
          nicolae_overflow_crystal_walls,
          nicolae_dithmenos_through_a_glass_darkly, dk_noncrumbling_3,
          minmay_bisected
D:3:      layout_basic, uniq_ijyb
D:4:      layout_loops_ring, tgw_sif, gammafunk_ghost_abyssal_escape
D:5:      layout_rooms, overflow_temple_1_default, old_standard_altar,
          first_ration, mrwooster_statue_mirror
D:6:      layout_loops_ring, minitemple, gammafunk_ghost_necromancy,
          uniq_grinder
D:7:      lemuel_ice_spiral_2, layout_rooms, lemuel_crystal_altar,
          okawaru_altar_gauntlet_db, minmay_temple_entry_poolview,
          trog_ov_bears_minmay, uniq_duvessa
D:8:      layout_loops_corners, corexii_corridor_pit,
          hangedman_little_slice_of_home, minivault_27
D:9:      layout_loops_corners, kennysheep_little_box, minmay_lair_entry_grove
D:10:     layout_basic, minmay_orc_entry_temple_small
D:11:     layout_cave_pods, chequers_serial_rivers_micro_a
D:12:     layout_basic
D:13:     layout_gridville
D:14:     layout_loops_corners, grunt_vaults_entry_tiered,
          hangedman_decor_lopped, minivault_12, uniq_josephine, uniq_rupert,
          uniq_frances
Lair:1:   layout_gridlike, minivault_27
Lair:2:   layout_chaotic_city, minmay_snake_entry_guardpost_small,
          hellmonk_ghost_happy_afterlife, uniq_nergalle
Lair:3:   layout_roguey, ebering_ghost_funeral_grove, basic_altar,
          serial_bayou_shore_a, uniq_snorg
Lair:4:   layout_long_grid, shoals_dummy_entry, lemuel_fruit_fields,
          serial_bayou_shore_b
Lair:5:   layout_misc_corridors, grunt_megastairs_2, lemuel_fruit_tree
Lair:6:   cheibrodos_lair_end_hotspot, layout_regular_city,
          nicolae_slime_entry_slimehenge, st_stairs_12, uniq_nessos
Shoals:1: cheibrodos_shoals_oceanic_diplomacy, layout_shoals,
          portal_ice_cave_entry_pillars_1
Shoals:2: layout_shoals, serial_shops, shop, nicolae_shop_crystal,
          nicolae_shop_window_shopping, shop
Shoals:3: layout_shoals, nicolae_shoals_water_shrine
Orc:1:    layout_caves, ebering_ghost_gozag, uniq_erolcha
Orc:2:    st_orc_open, layout_diamond_mine, basic_altar, mines1_david

Skill      XL: |  1  2  3  4  5  6  7  8  9 10 11 12 13 14 15 16 |
---------------+-------------------------------------------------+-----
Staves         | 4 5 6 8 9 10 12 13 14 | 14.0
Shields        | 2 4 6 7 9 10 | 10.5
Armour         | 2 3 4 6 7 8 11 12 13 | 13.9
Invocations    | 1 2 4 6 8 10 11 12 | 12.0
Evocations     | 1 2 |  2.4
Dodging        | 3 4 5 6 7 |  7.0
Fighting       | 3 4 6 7 8 9 10 11 | 11.7
Stealth        | 1 |  1.0
Polearms       | 3 6 8 |  8.0
Throwing       | 3 |  3.9
Slings         | 3 7 10 | 10.9

Action                   |  1- 3 |  4- 6 |  7- 9 | 10-12 | 13-15 | 16-18 || total
-------------------------+-------+-------+-------+-------+-------+-------++-------
Melee: Quarterstaff      |    61 |   179 |   331 |   743 |  1118 |   422 ||  2854
       Trident           |       |       |       |       |     6 |    50 ||    56
 Fire: Hunting sling     |       |       |       |       |   462 |   334 ||   796
Throw: Throwing net      |     3 |     4 |     1 |     1 |       |       ||     9
       Stone             |       |    30 |    10 |       |       |       ||    40
       Dart              |       |       |     4 |    20 |       |       ||    24
       Boomerang         |       |       |       |     7 |    10 |    15 ||    32
Invok: Upheaval          |       |       |     1 |       |     2 |       ||     3
       Elemental Force   |       |       |       |       |    11 |     3 ||    14
 Abil: Dig               |       |       |       |     1 |     6 |     5 ||    12
       Stop Flying       |       |       |       |       |       |     1 ||     1
       Evoke Flight      |       |       |       |       |       |     1 ||     1
Evoke: Wand              |       |       |    13 |     6 |     5 |     4 ||    28
       Lightning rod     |       |       |       |       |       |     4 ||     4
  Use: Scroll            |       |    13 |     6 |     7 |    11 |     8 ||    45
       Potion            |       |       |     1 |     2 |     6 |    15 ||    24
 Stab: Held in net/web   |     1 |     2 |       |     2 |       |       ||     5
       Distracted        |       |       |       |       |     2 |     2 ||     4
       Sleeping          |       |       |       |       |       |     5 ||     5
       Invisible         |       |       |       |       |       |     1 ||     1
  Eat: Chunk             |       |     8 |     3 |    14 |    13 |     7 ||    45
       Ration            |       |       |     2 |     3 |     6 |     4 ||    15
Armor: Leather armour    |    19 |    64 |     3 |       |       |     9 ||    95
       Ring mail         |       |       |    98 |     3 |       |       ||   101
       Scale mail        |       |       |       |   121 |    41 |       ||   162
       Chain mail        |       |       |       |       |   134 |   105 ||   239
       Skin              |       |       |       |       |    19 |       ||    19
Dodge: Dodged            |    36 |    96 |   137 |   145 |   249 |   200 ||   863
       Repelled          |       |       |       |     1 |    16 |    16 ||    33
Block: Other             |       |     5 |    13 |       |       |       ||    18
       Kite shield       |       |       |    88 |   448 |   727 |   264 ||  1527
       Tower shield      |       |       |       |       |       |   311 ||   311
